 Dungeon Crawl Stone Soup version 0.31.0-11-ge490571c62 (webtiles) character file.

Game seed: 15138347090306259548

322 Marvel the Sneak (level 6, -11/38 HPs)
             Began as an Octopode Shapeshifter on Feb 8, 2024.
             Was a Follower of Wu Jian.
             Mangled by a gnoll
             ... wielding a +0 halberd
              (16 damage)
             ... on level 4 of the Dungeon.
             The game lasted 00:03:28 (3262 turns).

Marvel the Sneak (Octopode Shapeshifter)            Turns: 3262, Time: 00:03:29

Health: -11/38     AC:  1    Str: 13    XL:     6   Next: 47%
Magic:  6/6        EV: 13    Int: 13    God:    Wu Jian [*.....]
Gold:   103        SH:  0    Dex: 13    Spells: 5/5 levels left

rFire   . .          .
                       - Unarmed
rCold   . . .        (no shield)
rNeg    . . .        (helmet currently unavailable)
rPois   .            (no amulet)
rElec   .            (no ring)
rCorr   .            (no ring)
SInv    .            (no ring)
Will    .....        (no ring)
Stlth   ++++         (no ring)
HPRegen 0.26/turn    (no ring)
MPRegen 0.10/turn    (no ring)
                     (no ring)

%: no passive effects
@: beast-form
A: beast (slay +2), almost no armour, amphibious, 8 rings, camouflage 1,
gelatinous body 1, (nimble swimmer 1), tentacles
a: Begin Untransformation, Renounce Religion


You were on level 4 of the Dungeon.
You worshipped Wu Jian.
Wu Jian was aware of your devotion.
You were a hulking beast.
You visited 1 branch of the dungeon, and saw 4 of its levels.

You collected 103 gold pieces.

Inventory:

Talismans
 b - a beast talisman (active)
 c - a flux talisman
Scrolls
 d - a scroll of silence {unknown}
 e - 6 scrolls of identify {unknown}
 f - 3 scrolls of fog {unknown}
 h - 5 scrolls of teleportation {unknown}
 k - a scroll of immolation {unknown}
 l - a scroll of enchant armour {unknown}
 m - a scroll of amnesia {unknown}
 n - 2 scrolls of noise {unknown}
 o - a scroll of blinking {unknown}
 t - a scroll of fear {unknown}
Potions
 a - a potion of lignification
 g - a potion of magic {unknown}
 i - a potion of enlightenment {unknown}
 j - a potion of might {unknown}
 p - a potion of heal wounds {unknown}
 q - 4 potions of curing {unknown}
 r - a potion of mutation {unknown}
 s - 2 potions of ambrosia {unknown}
 u - a potion of haste {unknown}
 v - a potion of resistance {unknown}


   Skills:
 + Level 1.4 Fighting
 + Level 2.5 Dodging
 + Level 5.4 Stealth
 + Level 4.9 Unarmed Combat
 + Level 3.5 Shapeshifting


You had 5 spell levels left.
You didn't know any spells.
Your spell library contained the following spells:

 Spells                   Type           Power      Damage    Failure   Level
 Animate Dead             Necr           0%         N/A       97%         4
 Martyr's Knell           Necr/Summ      0%         N/A       97%         4
 Curse of Agony           Necr           0%         N/A       100%        5
 Haunt                    Necr/Summ      0%         N/A       100%        7


Dungeon Overview and Level Annotations

Branches:
Dungeon (4/15)
 Temple: D:4-7

Altars:
Qazlal
Trog
Wu Jian
The Shining One


Innate Abilities, Weirdness & Mutations

You are a hulking beast.
Your limbs bulge with bestial killing power. (Slay +2)
You cannot wear most types of armour.
You are amphibious.
You can wear up to eight rings at the same time.
Your skin changes colour to match your surroundings (Stealth+).
Your rubbery body absorbs attacks. (AC +1, EV +1)
((You are camouflaged when in or above water. (Stealth+)))
You have tentacles for arms and can constrict up to eight enemies at once.


Message History

You are too injured to fight recklessly!
You tentacle-slap the gnoll. Your grab misses the gnoll.
Your squeeze misses the gnoll.
The gnoll is almost dead.
The gnoll closely misses you.
You tentacle-slap the gnoll. You grab the gnoll.
The gnoll is almost dead.
You constrict the gnoll, but do no damage.
The gnoll misses you.
You bludgeon the gnoll!
You kill the gnoll!
The Council accepts your kill.
You tentacle-slap the gnoll. You grab the gnoll.
The gnoll is moderately wounded.
You constrict the gnoll. The gnoll barely misses you.
You tentacle-slap the gnoll.
The gnoll is heavily wounded.
You constrict the gnoll. The gnoll misses you.
The gnoll hits you with a +0 flail.
You release your grip on the gnoll.
The gnoll attacks as it pursues you! The gnoll closely misses you.
The gnoll attacks as it pursues you! The gnoll barely misses you.
You tentacle-slap the gnoll but do no damage.
You grab the gnoll.
The gnoll is severely wounded.
You constrict the gnoll. The gnoll closely misses you.
You release your grip on the gnoll.
You tentacle-slap the gnoll but do no damage.
Your grab misses the gnoll.
The gnoll is severely wounded.
You closely miss the gnoll. Your grab misses the gnoll.
You squeeze the gnoll, but do no damage.
The gnoll is severely wounded.
The gnoll hits you with a +0 flail.
* * * LOW HITPOINT WARNING * * *
The gnoll attacks as it pursues you! The gnoll hits you with a +0 flail!
* * * LOW HITPOINT WARNING * * *
The gnoll attacks as it pursues you!
The gnoll hits you from afar with a +0 halberd!
You die...

##..........#...#
#..........#...#
#..............#
#..............#
#..............#
#..............#
#######........##
#.........##
#......##h.#
#......###g#
#.[....# #g###
#......#
#...######
#......#
###....).#
########
######.## #..##
##..# . ##.# ...


You could see 2 gnolls.

Vanquished Creatures
  A black bear (D:4)
  An orc priest (D:4)
  A sleepcap (D:4)
  2 orc wizards (D:4)
  A gnoll (D:4)
  3 adders
  3 ribbon worms
  9 orcs
  8 endoplasms
  4 giant cockroaches
  6 goblins
  6 hobgoblins
  9 kobolds
  2 quokkas
  7 ball pythons
  6 bats
  3 frilled lizards
  6 rats
78 creatures vanquished.

Notes
Turn   | Place    | Note
-------+----------+-------------------------------------------
     0 | D:1      | Marvel the Octopode Shapeshifter began the quest for the
                  | Orb.
     0 | D:1      | Reached XP level 1. HP: 13/13 MP: 1/1
   292 | D:1      | Reached XP level 2. HP: 18/18 MP: 2/2
   315 | D:1      | Reached skill level 1 in Stealth
   404 | D:1      | Got Kikubaaqudgha's Anthology of Malevolent Words
  1104 | D:2      | Reached XP level 3. HP: 13/23 MP: 3/3
  1166 | D:2      | Found an ornate altar of the Wu Jian Council.
  1172 | D:2      | Reached skill level 2 in Stealth
  1177 | D:2      | Became a worshipper of the Wu Jian Council
  1622 | D:2      | Reached * piety under Wu Jian
  1867 | D:3      | Reached XP level 4. HP: 23/28 MP: 4/4
  1902 | D:3      | Found a stormy altar of Qazlal.
  1927 | D:3      | Found a glowing golden altar of the Shining One.
  1979 | D:3      | Reached skill level 3 in Stealth
  2057 | D:3      | Found a bloodstained altar of Trog.
  2574 | D:4      | Noticed a black bear
  2584 | D:4      | Killed a black bear
  2585 | D:4      | Reached skill level 4 in Stealth
  2585 | D:4      | Reached XP level 5. HP: 16/33 MP: 5/5
  2842 | D:4      | Reached XP level 6. HP: 32/38 MP: 6/6
  2849 | D:4      | Reached skill level 5 in Stealth
  3262 | D:4      | Mangled by a gnoll

Illustrated notes

Levels and vault maps discovered:
D:1:      amcnicky_arrival_blooded_trapdoor, layout_basic, patterned_corridor
D:2:      layout_basic, basic_altar, minmay_unequal
D:3:      layout_basic, mainiacjoe_overflow_brackets,
          mainiacjoe_overflow_large_starburst
D:4:      layout_basic

Skill      XL: |  1  2  3  4  5  6 |
---------------+-------------------+-----
Stealth        | 1 2 4 5 |  5.4
Unarmed Combat | 4 |  4.9
Fighting       | |  1.4
Dodging        | |  2.5
Shapeshifting  | |  3.5

Action                     |  1- 3 |  4- 6 || total
---------------------------+-------+-------++-------
  Melee: Unarmed           |    72 |    84 ||   156
         Constrict         |    18 |    26 ||    44
         Tentacles         |    15 |    23 ||    38
         Punch             |       |     1 ||     1
Ability: Lunge             |     8 |    19 ||    27
   Stab: Sleeping          |    13 |     6 ||    19
 Armour: Skin              |    26 |    45 ||    71
  Dodge: Dodged            |    26 |    32 ||    58
   Form: Beast             |     1 |       ||     1
